 Dungeon Crawl Stone Soup version 0.29.1-1-gd02db6906a (webtiles) character file.

Game seed: 4060928035585590846

156 fireball365 the Covered (level 5, -1/46 HPs)
             Began as a Minotaur Fighter on Oct 12, 2022.
             Was a Follower of Sif Muna.
             Slain by a gnoll
             ... wielding a +0 halberd
              (4 damage)
             ... on level 3 of the Dungeon.
             The game lasted 00:07:58 (2372 turns).

fireball365 the Covered (Minotaur Fighter)          Turns: 2372, Time: 00:07:59

Health: -1/46      AC: 15    Str: 21    XL:     5   Next: 14%
Magic:  4/4        EV:  6    Int:  5    God:    Sif Muna [*.....]
Gold:   147        SH:  5    Dex: 11    Spells: 4/4 levels left

rFire   . . .      SeeInvis .   a - +0 war axe
rCold   . . .      Faith    .   c - +0 buckler
rNeg    . . .      Spirit   .   j - +1 plate armour {rPois}
rPois   +          Reflect  .   (helmet restricted)
rElec   .          Harm     .   s - +0 cloak
rCorr   .          Rampage  .   o - +0 pair of gloves
Will    .....                   (no boots)
Stlth   ..........              (no amulet)
HPRegen 0.15/turn               (no ring)
MPRegen 0.09/turn               (no ring)

@: no status effects
A: horns 2, retaliatory headbutt
a: Renounce Religion, Channel Magic


You were on level 3 of the Dungeon.
You worshipped Sif Muna.
Sif Muna was aware of your devotion.
You visited 1 branch of the dungeon, and saw 3 of its levels.

You collected 147 gold pieces.

Inventory:

Hand Weapons
 a - a +0 war axe (weapon)
Missiles
 f - 16 stones (quivered)
Armour
 b - a +0 scale mail
 c - a +0 buckler (worn)
 j - a +1 plate armour of poison resistance (worn)
 m - the +3 ring mail of the King of the Hill {Harm Rampage MP+9 Str-2}
   (You found it on level 2 of the Dungeon)

   Str:       It affects your strength (-2).
   MP:        It affects your magic capacity (+9).
   Harm:      It increases damage dealt and taken.
   Rampage:   It bestows one free step when moving towards enemies.
 o - a +0 pair of gloves (worn)
 s - a +0 cloak (worn)
Wands
 t - a wand of digging (6)
Scrolls
 e - a scroll of poison {unknown}
 g - 2 scrolls of identify {unknown}
 h - 2 scrolls of enchant armour {unknown}
 i - a scroll of blinking {unknown}
 k - 2 scrolls of brand weapon {unknown}
Potions
 d - 3 potions of might
 l - a potion of lignification {unknown}
 n - a potion of invisibility {unknown}
 p - 2 potions of berserk rage {unknown}
 q - a potion of heal wounds {unknown}
 r - a potion of curing {unknown}


   Skills:
 - Level 3.7 Fighting
 * Level 4.6 Axes
 + Level 4.8 Armour
 + Level 0.9 Dodging
 + Level 4.4 Shields


You had 4 spell levels left.
You didn't know any spells.
Your spell library contained the following spells:

 Spells                   Type           Power      Damage    Failure   Level
 Poisonous Vapours        Pois/Air       0%         N/A       100%        2
 Gell's Gravitas          Tloc           0%         N/A       100%        3
 Lesser Beckoning         Tloc           0%         N/A       100%        3
 Teleport Other           Tloc           0%         N/A       100%        3
 Corpse Rot               Necr/Pois/Air  0%         N/A       100%        4
 Summon Ice Beast         Ice/Summ       0%         N/A       100%        4
 Summon Mana Viper        Hex/Summ       0%         N/A       100%        5
 Monstrous Menagerie      Summ           0%         N/A       100%        7


Dungeon Overview and Level Annotations

Branches:
Dungeon (3/15)

Altars:
Ru
Sif Muna


Innate Abilities, Weirdness & Mutations

You have a pair of horns on your head.
You reflexively headbutt those who attack you in melee.


Message History

The gnoll hits you with a +0 spear. The gnoll hits you with a +0 whip.
The gnoll barely misses you. The gnoll hits you but does no damage.
The gnoll hits you with a +0 spear!
* * * LOW HITPOINT WARNING * * *
The gnoll hits you with a +0 whip.
* * * LOW HITPOINT WARNING * * *
You block the gnoll's attack.
The gnoll hits you from afar with a +0 halberd.
* * * LOW HITPOINT WARNING * * *
The gnoll barely misses you. The gnoll attacks as you move away!
The gnoll hits you but does no damage.
You closely miss the gnoll. You headbutt the gnoll!
The gnoll is almost dead.
The gnoll hits you but does no damage. x3
You slash the gnoll!
You kill the gnoll!
Sif Muna accepts your kill. You block the gnoll's attack.
The gnoll barely misses you.
The gnoll hits you but does no damage. x2
You have reached level 5!
The gnoll barely misses you. x2
You slash the gnoll!
The gnoll is almost dead.
The gnoll hits you but does no damage.
The gnoll hits you from afar with a +0 halberd.
* * * LOW HITPOINT WARNING * * *
You barely miss the gnoll. Your headbutt misses the gnoll.
The gnoll is almost dead.
The gnoll hits you but does no damage. The gnoll barely misses you.
You hit the gnoll.
You kill the gnoll!
Sif Muna accepts your kill. The gnoll completely misses you.
You block the gnoll's attack.
Things that are here:
a +0 spear; a +0 whip; a gnoll corpse You hit the gnoll.
The gnoll is heavily wounded.
The gnoll hits you with a +0 halberd.
You die...

# #### #. ##... ##.
#########..♣. #...
#.........♣♣. ###...###
#..........♣.
#.......#####........♣♣♣.
#......g@............♣♣♣♣
#.......#####.......P♣P♣.
##.....## #.........P♣P
##...# #...........♣ ##.#
####.####..♣. ... .....
##.PP ### .....##. ##..
.###..# .# #..# .#


You could see a gnoll.

Vanquished Creatures
  Natasha (thrice) (D:2)
  4 gnolls
  4 dart slugs
  5 bats
  4 endoplasms
  A giant cockroach (D:1)
  2 goblins
  A hobgoblin (D:1)
  2 quokkas
  4 ball pythons
  2 frilled lizards
  3 kobolds
  4 rats
  9 bushes (D:3)
48 creatures vanquished.

Vanquished Creatures (others)
  16 plants
16 creatures vanquished.

Grand Total: 64 creatures vanquished

Notes
Turn   | Place    | Note
-------+----------+-------------------------------------------
     0 | D:1      | fireball365 the Minotaur Fighter began the quest for the
                  | Orb.
     0 | D:1      | Reached XP level 1. HP: 19/19 MP: 0/0
   243 | D:1      | Reached XP level 2. HP: 22/27 MP: 1/1
   658 | D:1      | Reached XP level 3. HP: 33/33 MP: 2/2
  1145 | D:2      | Noticed Natasha
  1160 | D:2      | Killed Natasha
  1183 | D:2      | Identified the +3 ring mail of the King of the Hill {Harm
                  | Rampage MP+9 Str-2}
  1345 | D:2      | Noticed Natasha
  1359 | D:2      | Killed Natasha
  1360 | D:2      | Reached XP level 4. HP: 29/40 MP: 3/3
  1372 | D:2      | Noticed Natasha
  1374 | D:2      | Killed Natasha
  1418 | D:2      | Found a faded altar of an unknown god.
  1442 | D:2      | Prayed at the altar of an unknown god.
  1442 | D:2      | Became a worshipper of Sif Muna the Loreminder
  1442 | D:2      | Reached * piety under Sif Muna
  1458 | D:2      | Found a sacrificial altar of Ru.
  2366 | D:3      | Reached XP level 5. HP: 8/46 MP: 4/4
  2372 | D:3      | Slain by a gnoll

Illustrated notes

Levels and vault maps discovered:
D:1:      lightli_arrival_statuegarden, layout_basic
D:2:      layout_rooms, basic_ecumenical_altar, basic_altar,
          minmay_pentomino_q4, uniq_natasha
D:3:      layout_loops_corners, serial_forest, infiniplex_forest_lined_2,
          infiniplex_forest_clump_small, infiniplex_forest_lined_1,
          infiniplex_forest_clump_cross, infiniplex_forest_clump_C,
          infiniplex_forest_corner_2, uniq_jessica

Skill      XL: |  1  2  3  4 |
---------------+-------------+-----
Armour         | 4 |  4.8
Shields        | 4 |  4.4
Axes           | 3 4 |  4.6
Fighting       | |  3.7
Dodging        | |  0.9

Action                   |  1- 3 |  4- 6 || total
-------------------------+-------+-------++-------
Melee: War axe           |    62 |   348 ||   410
       Headbutt          |     6 |   124 ||   130
Armor: Scale mail        |    17 |       ||    17
       Plate armour      |    46 |    30 ||    76
Dodge: Dodged            |    28 |    15 ||    43
Block: Buckler           |    28 |    14 ||    42
